 Dungeon Crawl Stone Soup version 0.21.1-1-g345015f (webtiles) character file.

66 Mirai the Magician (level 3, 0/19 HPs)
             Began as a Deep Elf Conjurer on Mar 26, 2018.
             Succumbed to Terence's poison
             ... on level 2 of the Dungeon.
             The game lasted 00:02:46 (1110 turns).

Mirai the Magician (Deep Elf Conjurer)              Turns: 1110, Time: 00:02:47

Health: 0/19       AC:  2    Str:  5    XL:     3   Next: 96%
Magic:  0/12       EV: 13    Int: 20    God:
Gold:   108        SH:  0    Dex: 15    Spells: 10/13 levels left

rFire    . . .     SeeInvis .   o - +0 short sword
rCold    . . .     Gourm    .   (no shield)
rNeg     . . .     Faith    .   a - +0 robe
rPois    .         Spirit   .   (no helmet)
rElec    .         Reflect  .   (no cloak)
rCorr    .         Harm     .   (no gloves)
MR       .....                  (no boots)
Stlth    ++........             (no amulet)
HPRegen  0.06/turn              (no ring)
MPRegen  0.13/turn              (no ring)

@: lethally poisoned (0 -> -20)
A: no striking features
a: no special abilities


You were on level 2 of the Dungeon.
You were not hungry.

You visited 1 branch of the dungeon, and saw 2 of its levels.

You collected 108 gold pieces.

Inventory:

Hand Weapons
 o - a +0 short sword (weapon)
Armour
 a - a +0 robe (worn)
Wands
 m - a wand of iceblast (10)
Scrolls
 f - a scroll of enchant weapon {unknown}
 g - a scroll of fog {unknown}
 h - 3 scrolls of magic mapping {unknown}
 i - a scroll of amnesia {unknown}
 j - a scroll of remove curse {unknown}
 l - 3 scrolls of identify {unknown}
Potions
 e - a potion of cancellation {unknown}
 k - 2 potions of curing {unknown}
 n - a potion of degeneration {unknown}
 p - 2 potions of mutation {unknown}
Books
 b - a book of Conjurations

   Spells                             Type                      Level
   a - Magic Dart                     Conjuration                  1
   b - Searing Ray                    Conjuration                  2
   c - Dazzling Spray                 Conjuration/Hexes            3
   d - Fulminant Prism                Conjuration/Hexes            4
   e - Force Lance                    Conjuration/Translocation    4
   f - Iskenderun's Mystic Blast      Conjuration                  4
Comestibles
 c - 4 rations
 d - 4 chunks of flesh


   Skills:
 - Level 2.4 Dodging
 - Level 2.4 Stealth
 + Level 5.9 Spellcasting
 - Level 4.3 Conjurations


You had 10 spell levels left.
You knew the following spells:

 Your Spells              Type           Power        Failure   Level  Hunger
a - Magic Dart            Conj           ###.         1%          1    None
b - Searing Ray           Conj           ###...       2%          2    None


Dungeon Overview and Level Annotations

Branches:
Dungeon (2/15)

Altars:


Message History

You finish channeling your searing ray.
* * * LOW HITPOINT WARNING * * *
You feel sick. The frilled lizard barely misses you.
Some of the chunks of flesh in your inventory have rotted away.
Unknown command.
Casting: Searing Ray
Confirm with . or Enter, or press ? or * to list all spells.
You don't have enough magic to cast that spell.
Unknown command.
Casting: Searing Ray
Confirm with . or Enter, or press ? or * to list all spells.
Aiming: Magic Dart
Press: ? - help, Shift-Dir - straight line, f - frilled lizard
Aim: a frilled lizard The magic dart hits the frilled lizard.
The frilled lizard is heavily wounded.
* * * LOW HITPOINT WARNING * * *
You feel sick. The frilled lizard barely misses you.
Unknown command.
You die...

######.# #.# ######
#......# ##'## #.....
#.###### #.<.###.....
#.########...#.......
#.........(..'.......
#.####...#...#.......
.#########.#.#...#.......
$.....l....#.#.....###...
......).@..........).....
.###########.#.....###...
#.#####.# #...
#.#####+######
#...........#
.#######...........##
.....................
.#######...........#.
##..........#.


You could see a frilled lizard.

Vanquished Creatures
  Terence (D:2)
  A worm (D:2)
  2 dart slugs
  4 bats
  2 giant cockroaches (D:1)
  3 goblins
  8 hobgoblins
  3 jackals (D:1)
  A frilled lizard (D:1)
  5 kobolds (D:1)
  2 rats (D:1)
32 creatures vanquished.

Notes
Turn   | Place    | Note
-------+----------+-------------------------------------------
     0 | D:1      | Mirai the Deep Elf Conjurer began the quest for the Orb.
     0 | D:1      | Reached XP level 1. HP: 10/10 MP: 6/6
   140 | D:1      | Reached skill level 4 in Spellcasting
   140 | D:1      | Reached XP level 2. HP: 15/15 MP: 2/9
   190 | D:1      | Learned a level 2 spell: Searing Ray
   607 | D:1      | Reached XP level 3. HP: 19/19 MP: 7/11
   831 | D:2      | Reached skill level 5 in Spellcasting
  1099 | D:2      | Noticed Terence
  1108 | D:2      | Killed Terence
  1110 | D:2      | Succumbed to Terence's poison

Skill      XL: |  1  2  3 |
---------------+----------+-----
Spellcasting   | 4 5 |  5.9
Dodging        | |  2.4
Stealth        | |  2.4
Conjurations   | |  4.3

Action                   || total
-------------------------++-------
Melee: Unarmed           ||     1
       Dagger            ||     7
 Cast: Magic Dart        ||    65
       Searing Ray       ||     2
Armor: Robe              ||     6
Dodge: Dodged            ||    11
